Bruins vs Flames
Created - 7 novembre 2012 at 23:26
Simulating a Pre-Season
Goals
|
| Bruins |
1 |
2 |
0 |
3 |
| Flames |
0 |
2 |
0 |
2 |
|
Shots
|
| Bruins |
5 |
15 |
9 |
29 |
| Flames |
10 |
11 |
18 |
39 |
|
1st period
1. Bruins , Vitali Yachmenev 2 (Christoph Schubert) at 9:20
Penalties :
Steve Eminger (Cal) for Hooking (Minor) at 5:14, Alyn McCauley (Bos) for Hooking (Minor) at 10:26, Richard Lintner (Bos) for Roughing (Minor) at 18:42
2nd period
2. Flames , Shawn Horcoff 3 (David Backes) at 0:26 (PP)
3. Bruins , Michael Ryder 1 (Andrew Alberts, Ryan O'Byrne) at 6:20 (PP)
4. Bruins , Vitali Yachmenev 3 (Scott Hartnell, Andrew Alberts) at 8:32 (PP)
5. Flames , Michal Handzus 5 (Alexander Semin, Craig Anderson) at 11:17
Penalties :
Eric Staal (Cal) for High sticking (Minor) at 5:42, Tomas Kaberle (Cal) for Hooking (Minor) at 7:15, Jordin Tootoo (Cal) for Hooking (Minor) at 12:44
3rd period
No Goal
Penalties :
Matt Hendricks (Bos) for Hooking (Minor) at 1:38, Alexander Semin (Cal) for Holding (Minor) at 6:35, Scott Hartnell (Bos) for Slashing (Minor) at 6:35, Petr Schastlivy (Cal) for Hooking (Minor) at 10:05, Mark Fraser (Bos) for Roughing (Minor) at 19:45
Goalie Stats
Dan Cloutier (Bos), 37 saves from 39 shots - (0,949), W, 2-1-0, 60:00 minutes
Craig Anderson (Cal), 26 saves from 29 shots - (0,897), L, 1-2-0, 59:01 minutes
Players Stats for Bruins
Player Name G A P +/- PIM S H SB GA TA FO MP PP MP PK MP
------------------------------------------------------------------------------------
Alyn McCauley 0 0 0 0 2 0 0 0 0 1 2/5 10:28 0:00 0:00
Andrew Alberts 0 2 2 0 0 1 0 1 1 1 0/0 18:07 5:28 0:35
Christoph Schubert 0 1 1 1 0 2 0 2 0 1 0/0 23:04 2:24 2:23
Dave Bolland 0 0 0 0 0 3 0 0 0 0 1/3 9:29 2:56 0:03
Jimmie Olvestad 0 0 0 0 0 0 0 0 0 0 2/3 15:40 0:00 0:45
Jochen Hecht 0 0 0 0 0 1 3 0 1 0 21/33 19:11 4:48 0:00
Joe Corvo 0 0 0 -1 0 1 0 1 2 0 0/0 14:02 0:00 0:00
Mark Fraser 0 0 0 0 2 1 1 2 0 1 0/0 16:54 0:00 3:33
Matt Cooke 0 0 0 0 0 1 1 1 1 0 1/2 13:33 0:08 0:00
Matt Hendricks 0 0 0 0 2 0 0 0 0 0 1/6 12:37 0:00 0:00
Michael Ryder 1 0 1 0 0 6 3 1 0 1 1/3 16:24 1:57 1:27
Mike Grier 0 0 0 0 0 2 1 0 0 0 1/1 16:31 0:10 0:52
Richard Lintner 0 0 0 -1 2 2 0 0 0 0 0/0 19:29 2:24 1:48
Ryan O'Byrne 0 1 1 1 0 0 3 3 0 0 0/0 28:22 5:28 3:33
Scott Hartnell 0 1 1 0 2 5 0 0 0 0 2/7 15:58 4:56 3:41
Scottie Upshall 0 0 0 0 0 0 0 0 0 0 0/0 14:19 2:56 1:27
Victor Oreskovich 0 0 0 0 0 1 1 0 0 0 0/0 10:59 0:49 0:00
Vitali Yachmenev 2 0 2 0 0 3 3 1 0 0 0/0 16:53 4:56 3:37
Players Stats for Flames
Player Name G A P +/- PIM S H SB GA TA FO MP PP MP PK MP
------------------------------------------------------------------------------------
Alexander Semin 0 1 1 0 2 3 2 0 0 1 2/3 17:06 3:18 1:12
Blair Betts 0 0 0 0 0 0 0 0 0 0 3/4 10:28 0:00 1:16
Brett Lebda 0 0 0 0 0 0 0 0 0 0 0/0 11:38 0:00 0:35
David Backes 0 1 1 0 0 1 1 0 0 0 0/0 14:17 2:38 0:00
David Moss 0 0 0 0 0 5 2 0 1 0 0/0 9:49 0:00 0:31
Eric Staal 0 0 0 0 2 5 2 1 3 0 15/32 20:31 3:18 1:48
Jordin Tootoo 0 0 0 0 2 2 2 0 0 0 1/1 11:19 0:00 2:06
Kyle Calder 0 0 0 0 0 0 1 0 0 0 0/0 11:58 2:38 0:00
Matt Smaby 0 0 0 0 0 1 0 0 0 0 0/0 12:46 1:57 0:24
Michal Handzus 1 0 1 0 0 3 2 2 0 0 6/15 15:05 0:00 3:56
Mike Mottau 0 0 0 -1 0 1 0 4 1 0 0/0 23:07 1:57 3:51
Owen Nolan 0 0 0 0 0 6 0 0 0 0 0/0 9:20 0:00 0:00
Pavel Bure 0 0 0 0 0 1 2 0 0 0 0/0 20:32 3:18 1:48
Petr Schastlivy 0 0 0 0 2 2 1 0 0 0 1/4 17:00 0:00 3:07
Rob Blake 0 0 0 -1 0 3 0 2 0 0 0/0 23:56 3:59 2:30
Shawn Horcoff 1 0 1 0 0 2 1 1 0 0 3/4 12:37 2:38 0:00
Steve Eminger 0 0 0 1 2 3 4 0 0 3 0/0 22:21 0:00 4:19
Tomas Kaberle 0 0 0 1 2 1 3 1 0 1 0/0 26:13 3:59 4:05
3 Stars
1 - Vitali Yachmenev (Bos)
2 - Dan Cloutier (Bos)
3 - Michael Ryder (Bos)
Power Play
Bruins - 2 on 5 Attempt(s) - 40,00%
Flames - 1 on 4 Attempt(s) - 25,00%
Penalty Kill
Bruins - 3 on 4 Attempt(s) - 75,00%
- Score 0 goal in Penalty Kill
Flames - 3 on 5 Attempt(s) - 60,00%
- Score 0 goal in Penalty Kill
Official
Referees : Auger Stephane and Meier Brad
Linesman : David Brisebois and Dan Schachte
Game Notes
6:20 of 2nd period - Bruins goal is going for a video replay. After video review, Goal.
Bruins
5 vs 5 Forward
Center Left Wing Right Wing Time % Phy DF OF
1 Jochen Hecht Jimmie Olvestad Mike Grier 40 1 2 2
2 Matt Hendricks Matt Cooke Michael Ryder 30 1 2 2
3 Alyn McCauley Scottie Upshall Victor Oreskovich 20 1 2 2
4 Dave Bolland Scott Hartnell Vitali Yachmenev 10 1 2 2
5 vs 5 Defense
Defense Defense Time % Phy DF OF
1 Ryan O'Byrne Christoph Schubert 40 1 2 2
2 Richard Lintner Joe Corvo 30 1 2 2
3 Andrew Alberts Mark Fraser 20 1 2 2
4 Ryan O'Byrne Andrew Alberts 10 1 2 2
PowerPlay Forward
Center Left Wing Right Wing Time % Phy DF OF
1 Jochen Hecht Scott Hartnell Vitali Yachmenev 60 1 2 2
2 Dave Bolland Scottie Upshall Michael Ryder 40 1 2 2
PowerPlay Defense
Defense Defense Time % Phy DF OF
1 Ryan O'Byrne Andrew Alberts 60 1 2 2
2 Richard Lintner Christoph Schubert 40 1 2 2
Penalty Kill 4 Players Forward
Center Wing Time % Phy DF OF
1 Scott Hartnell Vitali Yachmenev 60 1 2 2
2 Michael Ryder Scottie Upshall 40 1 2 2
Penalty Kill 4 Players Defense
Defense Defense Time % Phy DF OF
1 Ryan O'Byrne Mark Fraser 60 1 2 2
2 Richard Lintner Christoph Schubert 40 1 2 2
Penalty Kill - 3 Players Forward
Forward Time % Phy DF OF
1 Scott Hartnell 60 1 2 2
2 Vitali Yachmenev 40 1 2 2
Penalty Kill - 3 Players Defense
Defense Defense Time % Phy DF OF
1 Ryan O'Byrne Andrew Alberts 60 1 2 2
2 Richard Lintner Christoph Schubert 40 1 2 2
4 vs 4 Forward
Center Wing Time % Phy DF OF
1 Scott Hartnell Vitali Yachmenev 60 1 2 2
2 Michael Ryder Scottie Upshall 40 1 2 2
4 vs 4 Defense
Defense Defense Time % Phy DF OF
1 Ryan O'Byrne Mark Fraser 60 1 2 2
2 Richard Lintner Christoph Schubert 40 1 2 2
Last Minutes Offensive
Center Left Wing Right Wing Defense Defense
Jochen Hecht Scott Hartnell Vitali Yachmenev Ryan O'Byrne Andrew Alberts
Last Minutes Defensive
Center Left Wing Right Wing Defense Defense
Jochen Hecht Scott Hartnell Vitali Yachmenev Ryan O'Byrne Mark Fraser
Goaltenders
Starting : Dan Cloutier
Backup : Evgeni Nabokov
Extra Forwards
Normal : Matt Cooke, Victor Oreskovich, Mike Grier - PP : Matt Cooke, Victor Oreskovich - PK : Mike Grier
Extra Defensemen
Normal : Andrew Alberts, Mark Fraser, Richard Lintner - PP : Andrew Alberts - PK : Mark Fraser, Richard Lintner
Penalty Shots
Scott Hartnell, Vitali Yachmenev, Michael Ryder, Scottie Upshall, Matt Cooke
Flames
5 vs 5 Forward
Center Left Wing Right Wing Time % Phy DF OF
1 Eric Staal Petr Schastlivy Pavel Bure 35 1 2 2
2 Michal Handzus Alexander Semin David Backes 30 1 2 2
3 Shawn Horcoff Kyle Calder Owen Nolan 20 1 2 2
4 Blair Betts David Moss Jordin Tootoo 15 1 2 2
5 vs 5 Defense
Defense Defense Time % Phy DF OF
1 Tomas Kaberle Steve Eminger 40 1 3 1
2 Mike Mottau Rob Blake 30 1 2 2
3 Matt Smaby Brett Lebda 20 1 2 2
4 Mike Mottau Rob Blake 10 1 3 1
PowerPlay Forward
Center Left Wing Right Wing Time % Phy DF OF
1 Eric Staal Alexander Semin Pavel Bure 60 1 1 3
2 Shawn Horcoff Kyle Calder David Backes 40 1 1 3
PowerPlay Defense
Defense Defense Time % Phy DF OF
1 Tomas Kaberle Rob Blake 60 1 2 2
2 Mike Mottau Matt Smaby 40 1 2 2
Penalty Kill 4 Players Forward
Center Wing Time % Phy DF OF
1 Michal Handzus Petr Schastlivy 60 1 3 1
2 Eric Staal Pavel Bure 40 1 3 1
Penalty Kill 4 Players Defense
Defense Defense Time % Phy DF OF
1 Tomas Kaberle Steve Eminger 60 1 3 1
2 Mike Mottau Rob Blake 40 1 3 1
Penalty Kill - 3 Players Forward
Forward Time % Phy DF OF
1 Eric Staal 60 1 3 1
2 Michal Handzus 40 1 3 1
Penalty Kill - 3 Players Defense
Defense Defense Time % Phy DF OF
1 Tomas Kaberle Steve Eminger 60 1 3 1
2 Mike Mottau Rob Blake 40 1 3 1
4 vs 4 Forward
Center Wing Time % Phy DF OF
1 Eric Staal Pavel Bure 60 1 2 2
2 Shawn Horcoff Alexander Semin 40 1 2 2
4 vs 4 Defense
Defense Defense Time % Phy DF OF
1 Tomas Kaberle Steve Eminger 60 1 2 2
2 Mike Mottau Rob Blake 40 1 2 2
Last Minutes Offensive
Center Left Wing Right Wing Defense Defense
Eric Staal Alexander Semin Pavel Bure Tomas Kaberle Steve Eminger
Last Minutes Defensive
Center Left Wing Right Wing Defense Defense
Eric Staal Petr Schastlivy Pavel Bure Tomas Kaberle Steve Eminger
Goaltenders
Starting : Craig Anderson
Backup : Pekka Rinne
Extra Forwards
Normal : David Backes, Petr Schastlivy, Shawn Horcoff - PP : Shawn Horcoff, David Backes - PK : Jordin Tootoo
Extra Defensemen
Normal : Rob Blake, Brett Lebda, Matt Smaby - PP : Matt Smaby - PK : Mike Mottau, Brett Lebda
Penalty Shots
Eric Staal, Pavel Bure, Alexander Semin, David Backes, Shawn Horcoff
% Time on Ice - Bruins
Lines # - Real PCT - Wanted PCT - Time Play
Normal Forward
1 - 34% - 40% - 14:42
2 - 30% - 30% - 13:00
3 - 22% - 20% - 9:30
4 - 14% - 10% - 6:11
Normal Defense
1 - 38% - 40% - 16:38
2 - 34% - 30% - 14:37
3 - 24% - 20% - 10:28
4 - 4% - 10% - 1:40
PP Forward
1 - 63% - 60% - 4:56
2 - 37% - 40% - 2:56
PP Defense
1 - 69% - 60% - 5:28
2 - 31% - 40% - 2:24
PK Forward
1 - 76% - 60% - 4:29
2 - 24% - 40% - 1:27
PK Defense
1 - 60% - 60% - 3:33
2 - 40% - 40% - 2:23
PK3 Forward
1 - 0% - 60%
2 - 0% - 40%
PK3 Defense
1 - 0% - 60%
2 - 0% - 40%
44 Forward
1 - 100% - 60% - 1:59
2 - 0% - 40% - 0:00
44 Defense
1 - 66% - 60% - 1:18
2 - 34% - 40% - 0:41
Last Minute Offensive - 0:00
Last Minute Defensive - 0:50
Total
Forward - 60:00
Defense - 60:00
|
% Time on Ice - Flames
Lines # - Real PCT - Wanted PCT - Time Play
Normal Forward
1 - 32% - 35% - 14:01
2 - 26% - 30% - 11:06
3 - 22% - 20% - 9:20
4 - 20% - 15% - 8:46
Normal Defense
1 - 38% - 40% - 16:16
2 - 31% - 30% - 13:26
3 - 24% - 20% - 10:25
4 - 7% - 10% - 3:06
PP Forward
1 - 56% - 60% - 3:18
2 - 44% - 40% - 2:38
PP Defense
1 - 67% - 60% - 3:59
2 - 33% - 40% - 1:57
PK Forward
1 - 77% - 60% - 6:04
2 - 23% - 40% - 1:48
PK Defense
1 - 73% - 60% - 5:46
2 - 27% - 40% - 2:06
PK3 Forward
1 - 0% - 60%
2 - 0% - 40%
PK3 Defense
1 - 0% - 60%
2 - 0% - 40%
44 Forward
1 - 78% - 60% - 1:33
2 - 22% - 40% - 0:26
44 Defense
1 - 61% - 60% - 1:13
2 - 39% - 40% - 0:46
Last Minute Offensive - 1:00
Last Minute Defensive - 0:00
Total
Forward - 60:00
Defense - 60:00
|
Play by Play
1st period
0:01 of 1st period - Eric Staal wins face-off versus Jochen Hecht in neutral zone.
0:04 of 1st period - Wrist shot by Eric Staal.
0:04 of 1st period - Stopped by Dan Cloutier without a rebound.
0:05 of 1st period - Jochen Hecht wins face-off versus Eric Staal in Bruins zone.
0:05 of 1st period - Jochen Hecht is hit by Eric Staal.
0:39 of 1st period - Wrist shot by Michael Ryder.
0:39 of 1st period - Stopped by Craig Anderson with a rebound.
0:53 of 1st period - Wrist shot by Shawn Horcoff.
0:53 of 1st period - Shot Misses the Net.
1:33 of 1st period - Snap shot by Mike Grier.
1:33 of 1st period - Shot Misses the Net.
1:35 of 1st period - Slapshot by Richard Lintner.
1:35 of 1st period - Shot Blocked by Mike Mottau.
1:37 of 1st period - Slapshot by Richard Lintner.
1:37 of 1st period - Stopped by Craig Anderson with a rebound.
3:19 of 1st period - Off-side.
3:20 of 1st period - Matt Hendricks wins face-off versus Michal Handzus in neutral zone.
3:48 of 1st period - Wrist shot by Michal Handzus.
3:48 of 1st period - Stopped by Dan Cloutier with a rebound.
5:02 of 1st period - Michal Handzus is hit by Michael Ryder and loses puck.
5:13 of 1st period - Snap shot by Michael Ryder.
5:13 of 1st period - Stopped by Craig Anderson without a rebound.
5:14 of 1st period - Jochen Hecht wins face-off versus Eric Staal in Flames zone.
5:14 of 1st period - Minor Penalty to Steve Eminger for Hooking.
5:15 of 1st period - Jordin Tootoo wins face-off versus Jochen Hecht in Flames zone.
7:14 of 1st period - Penalty to Steve Eminger is over, Steve Eminger is back on ice.
7:34 of 1st period - Mike Grier is hit by Kyle Calder and loses puck.
7:49 of 1st period - Jordin Tootoo is hit by Matt Cooke.
7:55 of 1st period - Snap shot by Blair Betts.
7:55 of 1st period - Deflect By Jordin Tootoo.
7:55 of 1st period - Shot Misses the Net.
7:55 of 1st period - Puck is out of play.
7:56 of 1st period - Eric Staal wins face-off versus Matt Hendricks in Bruins zone.
8:15 of 1st period - Snap shot by David Moss.
8:15 of 1st period - Stopped by Dan Cloutier without a rebound.
8:16 of 1st period - Jimmie Olvestad wins face-off versus Blair Betts in Bruins zone.
8:29 of 1st period - Snap shot by Jordin Tootoo.
8:29 of 1st period - Shot Misses the Net.
8:31 of 1st period - Slapshot by Mike Mottau.
8:31 of 1st period - Stopped by Dan Cloutier without a rebound.
8:32 of 1st period - Eric Staal wins face-off versus Alyn McCauley in Bruins zone.
8:57 of 1st period - Shawn Horcoff is hit by Jochen Hecht and loses puck.
9:20 of 1st period - Wrist shot by Vitali Yachmenev.
9:20 of 1st period - Goal by Vitali Yachmenev - Bruins : 1 - Flames : 0.
9:21 of 1st period - Eric Staal wins face-off versus Jimmie Olvestad in neutral zone.
9:46 of 1st period - Andrew Alberts is hit by Steve Eminger and loses puck.
9:55 of 1st period - Snap shot by Owen Nolan.
9:55 of 1st period - Deflect By Kyle Calder.
9:55 of 1st period - Shot Misses the Net.
9:55 of 1st period - Puck is out of play.
9:56 of 1st period - Mike Grier wins face-off versus Eric Staal in Bruins zone.
10:05 of 1st period - Snap shot by Jimmie Olvestad.
10:05 of 1st period - Shot Blocked by Eric Staal.
10:07 of 1st period - Slapshot by Christoph Schubert.
10:07 of 1st period - Shot Blocked by Mike Mottau.
10:09 of 1st period - Wrist shot by Christoph Schubert.
10:09 of 1st period - Shot Misses the Net.
10:26 of 1st period - Minor Penalty to Alyn McCauley for Hooking.
10:27 of 1st period - Eric Staal wins face-off versus Scott Hartnell in Bruins zone.
10:38 of 1st period - Snap shot by Pavel Bure.
10:38 of 1st period - Stopped by Dan Cloutier with a rebound.
10:40 of 1st period - Slapshot by Tomas Kaberle.
10:40 of 1st period - Stopped by Dan Cloutier with a rebound.
10:42 of 1st period - Slapshot by Alexander Semin.
10:42 of 1st period - Deflect By Pavel Bure.
10:42 of 1st period - Shot Blocked by Ryan O'Byrne.
10:42 of 1st period - Puck is out of play.
10:43 of 1st period - Scott Hartnell wins face-off versus Eric Staal in Bruins zone.
10:43 of 1st period - Scott Hartnell is hit by Eric Staal.
11:19 of 1st period - Wrist shot by David Backes.
11:19 of 1st period - Stopped by Dan Cloutier with a rebound.
12:26 of 1st period - Penalty to Alyn McCauley is over, Alyn McCauley is back on ice.
13:35 of 1st period - Andrew Alberts is hit by David Moss and loses puck.
14:05 of 1st period - Andrew Alberts is hit by Steve Eminger and loses puck.
14:18 of 1st period - Kyle Calder is hit by Jochen Hecht and loses puck.
14:33 of 1st period - Michael Ryder is hit by Petr Schastlivy and loses puck.
15:13 of 1st period - Jimmie Olvestad is hit by Michal Handzus and loses puck.
15:39 of 1st period - Scottie Upshall is hit by Tomas Kaberle and loses puck.
15:46 of 1st period - Shawn Horcoff is hit by Victor Oreskovich and loses puck.
16:10 of 1st period - Blair Betts is hit by Michael Ryder and loses puck.
16:25 of 1st period - Slapshot by Scott Hartnell.
16:25 of 1st period - Stopped by Craig Anderson without a rebound.
16:26 of 1st period - Eric Staal wins face-off versus Dave Bolland in Flames zone.
16:57 of 1st period - Snap shot by Alexander Semin.
16:57 of 1st period - Stopped by Dan Cloutier with a rebound.
17:44 of 1st period - Wrist shot by Jordin Tootoo.
17:44 of 1st period - Stopped by Dan Cloutier with a rebound.
17:46 of 1st period - Slapshot by Mike Mottau.
17:46 of 1st period - Shot Misses the Net.
17:48 of 1st period - Snap shot by Jordin Tootoo.
17:48 of 1st period - Deflect By Ryan O'Byrne.
17:48 of 1st period - Shot Misses the Net.
17:48 of 1st period - Puck is out of play.
17:49 of 1st period - Eric Staal wins face-off versus Jochen Hecht in Bruins zone.
17:50 of 1st period - Slapshot by Tomas Kaberle.
17:50 of 1st period - Shot Misses the Net.
17:52 of 1st period - Slapshot by Pavel Bure.
17:52 of 1st period - Shot Blocked by Ryan O'Byrne.
17:54 of 1st period - Backhand shot by Steve Eminger.
17:54 of 1st period - Stopped by Dan Cloutier without a rebound.
17:55 of 1st period - Jochen Hecht wins face-off versus Eric Staal in Bruins zone.
18:14 of 1st period - Tomas Kaberle is hit by Mike Grier and loses puck.
18:25 of 1st period - Christoph Schubert is hit by Tomas Kaberle.
18:37 of 1st period - Slapshot by Pavel Bure.
18:37 of 1st period - Deflect By Jochen Hecht.
18:37 of 1st period - Shot Misses the Net.
18:37 of 1st period - Puck is out of play.
18:38 of 1st period - Michal Handzus wins face-off versus Matt Hendricks in Bruins zone.
18:42 of 1st period - Minor Penalty to Richard Lintner for Roughing.
18:43 of 1st period - Eric Staal wins face-off versus Scott Hartnell in Bruins zone.
18:58 of 1st period - Wrist shot by Alexander Semin.
18:58 of 1st period - Shot Blocked by Mark Fraser.
2nd period
0:01 of 2nd period - Scott Hartnell wins face-off versus Eric Staal in neutral zone.
0:16 of 2nd period - Backhand shot by Alexander Semin.
0:16 of 2nd period - Deflect By Eric Staal.
0:16 of 2nd period - Stopped by Dan Cloutier with a rebound.
0:26 of 2nd period - Wrist shot by Shawn Horcoff.
0:26 of 2nd period - Goal by Shawn Horcoff - Bruins : 1 - Flames : 1.
0:27 of 2nd period - Jimmie Olvestad wins face-off versus Petr Schastlivy in neutral zone.
1:14 of 2nd period - Snap shot by Matt Hendricks.
1:14 of 2nd period - Shot Misses the Net.
1:36 of 2nd period - Wrist shot by Scott Hartnell.
1:36 of 2nd period - Shot Misses the Net.
1:40 of 2nd period - Snap shot by Vitali Yachmenev.
1:40 of 2nd period - Shot Misses the Net.
1:42 of 2nd period - Slapshot by Christoph Schubert.
1:42 of 2nd period - Stopped by Craig Anderson with a rebound.
1:44 of 2nd period - Slapshot by Dave Bolland.
1:44 of 2nd period - Stopped by Craig Anderson with a rebound.
2:24 of 2nd period - Wrist shot by Michael Ryder.
2:24 of 2nd period - Stopped by Craig Anderson with a rebound.
2:26 of 2nd period - Slapshot by Christoph Schubert.
2:26 of 2nd period - Shot Blocked by Michal Handzus.
2:28 of 2nd period - Slapshot by Ryan O'Byrne.
2:28 of 2nd period - Shot Misses the Net.
2:38 of 2nd period - Snap shot by Dave Bolland.
2:38 of 2nd period - Stopped by Craig Anderson without a rebound.
2:39 of 2nd period - Dave Bolland wins face-off versus Eric Staal in Flames zone.
2:40 of 2nd period - Snap shot by Vitali Yachmenev.
2:40 of 2nd period - Deflect By Scott Hartnell.
2:40 of 2nd period - Stopped by Craig Anderson with a rebound.
2:42 of 2nd period - Slapshot by Richard Lintner.
2:42 of 2nd period - Stopped by Craig Anderson with a rebound.
2:44 of 2nd period - Snap shot by Scott Hartnell.
2:44 of 2nd period - Stopped by Craig Anderson with a rebound.
2:48 of 2nd period - Wrist shot by Vitali Yachmenev.
2:48 of 2nd period - Shot Misses the Net.
2:50 of 2nd period - Wrist shot by Dave Bolland.
2:50 of 2nd period - Stopped by Craig Anderson without a rebound.
2:51 of 2nd period - Eric Staal wins face-off versus Jochen Hecht in Flames zone.
2:55 of 2nd period - Off-side.
2:56 of 2nd period - Jochen Hecht wins face-off versus Eric Staal in neutral zone.
4:06 of 2nd period - Wrist shot by David Moss.
4:06 of 2nd period - Stopped by Dan Cloutier with a rebound.
4:12 of 2nd period - Snap shot by Jochen Hecht.
4:12 of 2nd period - Shot Blocked by Rob Blake.
4:27 of 2nd period - Snap shot by Andrew Alberts.
4:27 of 2nd period - Stopped by Craig Anderson without a rebound.
4:28 of 2nd period - Eric Staal wins face-off versus Michael Ryder in Flames zone.
4:42 of 2nd period - Brett Lebda is hit by Mark Fraser.
5:42 of 2nd period - Minor Penalty to Eric Staal for High sticking.
5:43 of 2nd period - Michal Handzus wins face-off versus Jochen Hecht in Flames zone.
5:51 of 2nd period - Icing by Andrew Alberts.
5:52 of 2nd period - Jochen Hecht wins face-off versus Michal Handzus in Bruins zone.
5:52 of 2nd period - Jochen Hecht is hit by Steve Eminger.
6:18 of 2nd period - Slapshot by Andrew Alberts.
6:18 of 2nd period - Shot Misses the Net.
6:20 of 2nd period - Snap shot by Michael Ryder.
6:20 of 2nd period - Bruins goal is going for a video replay.
6:20 of 2nd period - The goal is good.
6:20 of 2nd period - Goal by Michael Ryder - Bruins : 2 - Flames : 1.
6:21 of 2nd period - Michal Handzus wins face-off versus Jochen Hecht in neutral zone.
6:35 of 2nd period - Slapshot by Michal Handzus.
6:35 of 2nd period - Stopped by Dan Cloutier without a rebound.
6:36 of 2nd period - Alyn McCauley wins face-off versus Petr Schastlivy in Bruins zone.
6:36 of 2nd period - Alyn McCauley is hit by Pavel Bure.
6:45 of 2nd period - Icing by Steve Eminger.
6:46 of 2nd period - Eric Staal wins face-off versus Alyn McCauley in Flames zone.
7:06 of 2nd period - Snap shot by Petr Schastlivy.
7:06 of 2nd period - Stopped by Dan Cloutier with a rebound.
7:08 of 2nd period - Backhand shot by Pavel Bure.
7:08 of 2nd period - Shot Misses the Net.
7:15 of 2nd period - Minor Penalty to Tomas Kaberle for Hooking.
7:16 of 2nd period - Michal Handzus wins face-off versus Jochen Hecht in Flames zone.
7:26 of 2nd period - Icing by Ryan O'Byrne.
7:27 of 2nd period - Jochen Hecht wins face-off versus Michal Handzus in Bruins zone.
7:34 of 2nd period - Snap shot by Scott Hartnell.
7:34 of 2nd period - Stopped by Craig Anderson without a rebound.
7:35 of 2nd period - Jochen Hecht wins face-off versus Michal Handzus in Flames zone.
8:01 of 2nd period - Michal Handzus is hit by Vitali Yachmenev and loses puck.
8:32 of 2nd period - Wrist shot by Vitali Yachmenev.
8:32 of 2nd period - Goal by Vitali Yachmenev - Bruins : 3 - Flames : 1.
8:33 of 2nd period - Shawn Horcoff wins face-off versus Matt Hendricks in neutral zone.
9:19 of 2nd period - Slapshot by Owen Nolan.
9:19 of 2nd period - Stopped by Dan Cloutier with a rebound.
9:21 of 2nd period - Wrist shot by Shawn Horcoff.
9:21 of 2nd period - Shot Blocked by Joe Corvo.
9:41 of 2nd period - Snap shot by Owen Nolan.
9:41 of 2nd period - Stopped by Dan Cloutier with a rebound.
9:43 of 2nd period - Wrist shot by Shawn Horcoff.
9:43 of 2nd period - Shot Misses the Net.
9:45 of 2nd period - Snap shot by Owen Nolan.
9:45 of 2nd period - Stopped by Dan Cloutier without a rebound.
9:46 of 2nd period - Jochen Hecht wins face-off versus Michal Handzus in Bruins zone.
9:46 of 2nd period - Jochen Hecht is hit by Alexander Semin.
10:12 of 2nd period - Ryan O'Byrne is hit by David Moss and loses puck.
10:19 of 2nd period - Snap shot by David Moss.
10:19 of 2nd period - Shot Blocked by Christoph Schubert.
10:21 of 2nd period - Slapshot by Jordin Tootoo.
10:21 of 2nd period - Shot Blocked by Christoph Schubert.
10:25 of 2nd period - Snap shot by David Moss.
10:25 of 2nd period - Stopped by Dan Cloutier with a rebound.
11:07 of 2nd period - Slapshot by Victor Oreskovich.
11:07 of 2nd period - Shot Blocked by Michal Handzus.
11:17 of 2nd period - Wrist shot by Michal Handzus.
11:17 of 2nd period - Goal by Michal Handzus - Bruins : 3 - Flames : 2.
11:18 of 2nd period - Alyn McCauley wins face-off versus Michal Handzus in neutral zone.
11:47 of 2nd period - Slapshot by Alexander Semin.
11:47 of 2nd period - Shot Blocked by Ryan O'Byrne.
11:49 of 2nd period - Snap shot by Tomas Kaberle.
11:49 of 2nd period - Shot Blocked by Michael Ryder.
11:55 of 2nd period - Snap shot by Pavel Bure.
11:55 of 2nd period - Shot Blocked by Matt Cooke.
11:57 of 2nd period - Slapshot by Steve Eminger.
11:57 of 2nd period - Stopped by Dan Cloutier without a rebound.
11:58 of 2nd period - Jochen Hecht wins face-off versus Eric Staal in Bruins zone.
12:07 of 2nd period - Snap shot by Mike Grier.
12:07 of 2nd period - Shot Misses the Net.
12:25 of 2nd period - Victor Oreskovich is hit by Michal Handzus and loses puck.
12:44 of 2nd period - Minor Penalty to Jordin Tootoo for Hooking.
12:45 of 2nd period - Jochen Hecht wins face-off versus Michal Handzus in Flames zone.
14:35 of 2nd period - Alexander Semin is hit by Jochen Hecht and loses puck.
14:44 of 2nd period - Penalty to Jordin Tootoo is over, Jordin Tootoo is back on ice.
14:50 of 2nd period - Snap shot by Rob Blake.
14:50 of 2nd period - Shot Blocked by Andrew Alberts.
15:28 of 2nd period - Slapshot by Rob Blake.
15:28 of 2nd period - Shot Misses the Net.
16:46 of 2nd period - Slapshot by Tomas Kaberle.
16:46 of 2nd period - Shot Misses the Net.
17:01 of 2nd period - Icing by Scott Hartnell.
17:02 of 2nd period - Blair Betts wins face-off versus Dave Bolland in Bruins zone.
17:46 of 2nd period - Shawn Horcoff is hit by Ryan O'Byrne and loses puck.
18:07 of 2nd period - Steve Eminger is hit by Ryan O'Byrne and loses puck.
18:25 of 2nd period - Scottie Upshall is hit by Tomas Kaberle and loses puck.
18:56 of 2nd period - Snap shot by Steve Eminger.
18:56 of 2nd period - Shot Misses the Net.
19:07 of 2nd period - Off-side.
19:08 of 2nd period - Jochen Hecht wins face-off versus Eric Staal in neutral zone.
19:11 of 2nd period - Slapshot by Christoph Schubert.
19:11 of 2nd period - Deflect By Jimmie Olvestad.
19:11 of 2nd period - Shot Misses the Net.
19:11 of 2nd period - Puck is out of play.
19:12 of 2nd period - Jochen Hecht wins face-off versus Eric Staal in Flames zone.
19:15 of 2nd period - Wrist shot by Jimmie Olvestad.
19:15 of 2nd period - Shot Misses the Net.
19:17 of 2nd period - Wrist shot by Christoph Schubert.
19:17 of 2nd period - Stopped by Craig Anderson without a rebound.
19:18 of 2nd period - Petr Schastlivy wins face-off versus Jochen Hecht in Flames zone.
19:33 of 2nd period - Slapshot by Mike Grier.
19:33 of 2nd period - Stopped by Craig Anderson with a rebound.
19:35 of 2nd period - Snap shot by Mike Grier.
19:35 of 2nd period - Deflect By Jochen Hecht.
19:35 of 2nd period - Shot Blocked by Rob Blake.
19:35 of 2nd period - Puck is out of play.
19:36 of 2nd period - Alexander Semin wins face-off versus Matt Hendricks in Flames zone.
19:36 of 2nd period - Alexander Semin is hit by Michael Ryder.
19:52 of 2nd period - Wrist shot by Michael Ryder.
19:52 of 2nd period - Stopped by Craig Anderson with a rebound.
3rd period
0:01 of 3rd period - Michal Handzus wins face-off versus Jochen Hecht in neutral zone.
0:14 of 3rd period - Wrist shot by Jochen Hecht.
0:14 of 3rd period - Deflect By Jimmie Olvestad.
0:14 of 3rd period - Shot Blocked by Tomas Kaberle.
0:14 of 3rd period - Puck is out of play.
0:15 of 3rd period - Matt Cooke wins face-off versus Eric Staal in Flames zone.
0:16 of 3rd period - Slapshot by Michael Ryder.
0:16 of 3rd period - Stopped by Craig Anderson without a rebound.
0:17 of 3rd period - Michael Ryder wins face-off versus Eric Staal in Flames zone.
1:07 of 3rd period - Snap shot by Vitali Yachmenev.
1:07 of 3rd period - Stopped by Craig Anderson with a rebound.
1:38 of 3rd period - Minor Penalty to Matt Hendricks for Hooking.
1:39 of 3rd period - Eric Staal wins face-off versus Scott Hartnell in Bruins zone.
1:40 of 3rd period - Wrist shot by Alexander Semin.
1:40 of 3rd period - Deflect By Eric Staal.
1:40 of 3rd period - Shot Misses the Net.
1:40 of 3rd period - Puck is out of play.
1:41 of 3rd period - Eric Staal wins face-off versus Scott Hartnell in Bruins zone.
1:44 of 3rd period - Slapshot by Eric Staal.
1:44 of 3rd period - Shot Blocked by Vitali Yachmenev.
3:09 of 3rd period - Alexander Semin is hit by Ryan O'Byrne and loses puck.
3:38 of 3rd period - Penalty to Matt Hendricks is over, Matt Hendricks is back on ice.
3:45 of 3rd period - Icing by Christoph Schubert.
3:46 of 3rd period - Blair Betts wins face-off versus Michael Ryder in Bruins zone.
3:57 of 3rd period - Snap shot by David Moss.
3:57 of 3rd period - Stopped by Dan Cloutier without a rebound.
3:58 of 3rd period - Jochen Hecht wins face-off versus Shawn Horcoff in Bruins zone.
4:07 of 3rd period - Snap shot by Owen Nolan.
4:07 of 3rd period - Stopped by Dan Cloutier without a rebound.
4:08 of 3rd period - Shawn Horcoff wins face-off versus Jochen Hecht in Bruins zone.
4:13 of 3rd period - Snap shot by Shawn Horcoff.
4:13 of 3rd period - Stopped by Dan Cloutier without a rebound.
4:14 of 3rd period - Jochen Hecht wins face-off versus Eric Staal in Bruins zone.
4:38 of 3rd period - Icing by Pavel Bure.
4:39 of 3rd period - Michal Handzus wins face-off versus Matt Hendricks in Flames zone.
5:25 of 3rd period - Wrist shot by Scottie Upshall.
5:25 of 3rd period - Shot Misses the Net.
5:27 of 3rd period - Snap shot by Victor Oreskovich.
5:27 of 3rd period - Stopped by Craig Anderson without a rebound.
5:28 of 3rd period - Blair Betts wins face-off versus Alyn McCauley in Flames zone.
5:35 of 3rd period - Slapshot by Jordin Tootoo.
5:35 of 3rd period - Stopped by Dan Cloutier with a rebound.
5:51 of 3rd period - Snap shot by David Moss.
5:51 of 3rd period - Shot Misses the Net.
5:53 of 3rd period - Wrist shot by Rob Blake.
5:53 of 3rd period - Stopped by Dan Cloutier without a rebound.
5:54 of 3rd period - Jochen Hecht wins face-off versus Eric Staal in Bruins zone.
6:09 of 3rd period - Snap shot by Jochen Hecht.
6:09 of 3rd period - Stopped by Craig Anderson with a rebound.
6:21 of 3rd period - David Backes is hit by Vitali Yachmenev and loses puck.
6:35 of 3rd period - Minor Penalty to Alexander Semin for Holding.
6:35 of 3rd period - Minor Penalty to Scott Hartnell for Slashing.
6:36 of 3rd period - Eric Staal wins face-off versus Matt Cooke in Flames zone.
7:51 of 3rd period - Slapshot by Rob Blake.
7:51 of 3rd period - Stopped by Dan Cloutier with a rebound.
7:53 of 3rd period - Slapshot by Rob Blake.
7:53 of 3rd period - Stopped by Dan Cloutier with a rebound.
7:55 of 3rd period - Snap shot by Petr Schastlivy.
7:55 of 3rd period - Stopped by Dan Cloutier with a rebound.
8:35 of 3rd period - Penalty to Alexander Semin is over, Alexander Semin is back on ice.
8:35 of 3rd period - Penalty to Scott Hartnell is over, Scott Hartnell is back on ice.
8:57 of 3rd period - Wrist shot by Scott Hartnell.
8:57 of 3rd period - Stopped by Craig Anderson with a rebound.
9:05 of 3rd period - Wrist shot by Matt Cooke.
9:05 of 3rd period - Shot Blocked by Shawn Horcoff.
9:15 of 3rd period - Alyn McCauley is hit by Jordin Tootoo and loses puck.
9:22 of 3rd period - Wrist shot by David Moss.
9:22 of 3rd period - Deflect By Jordin Tootoo.
9:22 of 3rd period - Shot Misses the Net.
9:22 of 3rd period - Puck is out of play.
9:23 of 3rd period - Jochen Hecht wins face-off versus Eric Staal in Bruins zone.
9:30 of 3rd period - Snap shot by Andrew Alberts.
9:30 of 3rd period - Shot Blocked by Mike Mottau.
9:32 of 3rd period - Slapshot by Mark Fraser.
9:32 of 3rd period - Stopped by Craig Anderson without a rebound.
9:33 of 3rd period - Jochen Hecht wins face-off versus Eric Staal in Flames zone.
10:05 of 3rd period - Minor Penalty to Petr Schastlivy for Hooking.
10:06 of 3rd period - Jochen Hecht wins face-off versus Michal Handzus in Flames zone.
11:39 of 3rd period - Steve Eminger is hit by Vitali Yachmenev and loses puck.
11:56 of 3rd period - Snap shot by Steve Eminger.
11:56 of 3rd period - Stopped by Dan Cloutier with a rebound.
12:05 of 3rd period - Penalty to Petr Schastlivy is over, Petr Schastlivy is back on ice.
12:12 of 3rd period - Richard Lintner is hit by Shawn Horcoff and loses puck.
12:19 of 3rd period - Snap shot by Owen Nolan.
12:19 of 3rd period - Stopped by Dan Cloutier with a rebound.
12:21 of 3rd period - Snap shot by Owen Nolan.
12:21 of 3rd period - Stopped by Dan Cloutier without a rebound.
12:22 of 3rd period - Jochen Hecht wins face-off versus Petr Schastlivy in Bruins zone.
12:29 of 3rd period - Wrist shot by Mike Grier.
12:29 of 3rd period - Stopped by Craig Anderson with a rebound.
13:54 of 3rd period - Joe Corvo is hit by Steve Eminger and loses puck.
14:47 of 3rd period - Slapshot by Blair Betts.
14:47 of 3rd period - Deflect By David Moss.
14:47 of 3rd period - Stopped by Dan Cloutier without a rebound.
14:48 of 3rd period - Jochen Hecht wins face-off versus Michal Handzus in Bruins zone.
14:48 of 3rd period - Jochen Hecht is hit by David Backes.
15:06 of 3rd period - Joe Corvo is hit by Alexander Semin and loses puck.
15:23 of 3rd period - Snap shot by Michael Ryder.
15:23 of 3rd period - Deflect By Matt Cooke.
15:23 of 3rd period - Stopped by Craig Anderson with a rebound.
15:25 of 3rd period - Slapshot by Joe Corvo.
15:25 of 3rd period - Stopped by Craig Anderson with a rebound.
15:27 of 3rd period - Snap shot by Matt Hendricks.
15:27 of 3rd period - Shot Blocked by Mike Mottau.
15:29 of 3rd period - Slapshot by Richard Lintner.
15:29 of 3rd period - Shot Misses the Net.
17:31 of 3rd period - Mark Fraser is hit by Jordin Tootoo and loses puck.
18:10 of 3rd period - Slapshot by Matt Smaby.
18:10 of 3rd period - Stopped by Dan Cloutier with a rebound.
18:51 of 3rd period - Snap shot by Eric Staal.
18:51 of 3rd period - Stopped by Dan Cloutier with a rebound.
18:53 of 3rd period - Wrist shot by Alexander Semin.
18:53 of 3rd period - Stopped by Dan Cloutier with a rebound.
18:55 of 3rd period - Snap shot by Eric Staal.
18:55 of 3rd period - Stopped by Dan Cloutier without a rebound.
18:56 of 3rd period - Lindy Ruff call a timeout for Flames.
18:56 of 3rd period - Alexander Semin wins face-off versus Jochen Hecht in Bruins zone.
18:57 of 3rd period - Slapshot by Eric Staal.
18:57 of 3rd period - Deflect By Vitali Yachmenev.
18:57 of 3rd period - Stopped by Dan Cloutier without a rebound.
18:58 of 3rd period - Eric Staal wins face-off versus Jochen Hecht in Bruins zone.
18:59 of 3rd period - Snap shot by Alexander Semin.
18:59 of 3rd period - Shot Misses the Net.
19:01 of 3rd period - Flames, Craig Anderson is pulled from the net.
19:01 of 3rd period - Snap shot by Pavel Bure.
19:01 of 3rd period - Deflect By Alexander Semin.
19:01 of 3rd period - Shot Blocked by Mark Fraser.
19:01 of 3rd period - Puck is out of play.
19:02 of 3rd period - Jochen Hecht wins face-off versus Alexander Semin in Bruins zone.
19:02 of 3rd period - Jochen Hecht is hit by Pavel Bure.
19:12 of 3rd period - Slapshot by Alexander Semin.
19:12 of 3rd period - Stopped by Dan Cloutier with a rebound.
19:45 of 3rd period - Minor Penalty to Mark Fraser for Roughing.
19:46 of 3rd period - Shawn Horcoff wins face-off versus Scott Hartnell in Bruins zone.
Output by the SimonT Hockey Simulator (STHS) for François Prévost -- Original Page W3C XHTML 1.0 Valid